Map: New Gettysburg LE

Players

EnGiNeErPeoN - Winner!

  • Race: Terran Terran
  • League: Diamond

ImOteP

  • Race: Zerg Zerg
  • League: Diamond

VOD

Have the link to the VOD?

Description

Time

  • Played on: Aug. 3, 2016, 9:34 p.m.
  • Length: 5:18
Show
View Real Time Build Order
Export as new Build Order

EnGiNeErPeoN Terran - Winner!

Build Orders: 1/1/1 

Get SALT Encoding   

  12  0:01  SCV  
  13  0:13  SCV  
  14  0:20  Supply Depot  
  14  0:25  SCV  
  15  0:29  Refinery  
  15  0:42  SCV  
  16  0:46  Barracks  
  16  0:54  SCV  
  17  1:06  SCV  
  18  1:18  SCV  
  19  1:30  SCV  
  20  1:33  Marine  
  20  1:35  Factory  
  21  1:44  Orbital Command, Supply Depot  
  21  1:57  Barracks Reactor  
  21  2:11  SCV  
  22  2:18  Command Center  
  22  2:26  Starport  
  22  2:28  SCV  
  23  2:44  Barracks Reactor, Hellion x2  
  27  2:45  SCV  
  27  2:49  Refinery  
  28  2:58  SCV  
  29  3:05  Supply Depot  
  29  3:11  Hellion  
  31  3:27  Medivac, Marine x2, Hellion  
  31  3:32  Supply Depot  
  37  3:36  Hellion  
  40  3:48  SCV  
  40  3:49  Marine x2  
  40  3:51  Orbital Command  
  42  4:00  Armory  
  42  4:04  Hellion  
  42  4:08  Medivac  
  46  4:15  Supply Depot  
  46  4:17  Marine x2  
  46  4:24  Hellion  
  50  4:28  Hellion  
  52  4:36  Marine x2  
  57  4:47  Supply Depot, Hellion  
  59  4:59  Marine x2  
  60  5:04  Supply Depot  
Show
View Real Time Build Order
Export as new Build Order

ImOteP Zerg 

Build Orders: Hatch First 

Get SALT Encoding   

  12  0:01  Drone  
  13  0:13  Overlord  
  13  0:23  Drone  
  13  0:26  Drone, Extractor  
  15  0:32  Drone  
  16  0:51  Hatchery  
  16  0:56  Drone  
  16  0:59  Drone  
  17  1:14  Spawning Pool  
  17  1:17  Drone  
  17  1:19  Drone  
  17  1:23  Extractor  
  17  1:24  Drone  
  18  1:29  Drone  
  19  1:50  Overlord  
  19  2:01  Queen  
  19  2:02  Zergling x2  
  19  2:03  Zergling x2  
  19  2:06  Drone  
  19  2:07  Queen  
  26  2:14  Drone  
  27  2:17  Drone  
  27  2:22  Drone  
  29  2:26  Overlord  
  29  2:30  Metabolic Boost  
  29  2:40  Queen  
  29  2:43  Drone  
  32  2:50  Drone  
  33  2:51  Queen  
  33  2:56  Drone  
  36  3:03  Drone x2  
  38  3:16  Pneumatized Carapace  
  38  3:23  Drone x2  
  38  3:26  Drone  
  38  3:27  Queen, Drone  
  44  3:36  Overlord x2  
  43  4:00  Zergling x14  
  43  4:01  Zergling x4  
  52  4:03  Drone x2  
  52  4:08  Hatchery  
  53  4:19  Drone  
  53  4:20  Drone  
  53  4:21  Overlord  
  53  4:23  Drone  
  56  4:29  Drone x3  
  59  4:31  Extractor  
  59  4:33  Extractor  
  57  4:39  Zergling x4  
  57  4:44  Drone x4  
Tags
 
Add a new tag
Caveats
  • Supply blocks, unpowered buildings, or Contaminate may cause inaccurate times.
  • Supply counts are checked every 10 seconds.